 Dungeon Crawl Stone Soup version 0.30-a0-626-gd6a5dd7a1f (console) character file.

Game seed: 4720341617665690530

205 Ignak the Sneak (level 5, 0/33 HPs)
             Began as an Octopode Enchanter on Jan 11, 2023.
             Succumbed to Blork the orc's poison
             ... on level 4 of the Dungeon.
             The game lasted 00:03:46 (1693 turns).

Ignak the Sneak (Octopode Enchanter)                Turns: 1693, Time: 00:03:47

Health: 0/33       AC:  1    Str: 13    XL:     5   Next: 83%
Magic:  0/8        EV: 14    Int: 19    God:
Gold:   144        SH:  0    Dex: 21    Spells: 7/9 levels left

rFire   . . .      SeeInvis .    b - +10 sling "Kiufaq" {speed, Int+2}
rCold   . . .      Faith    .    (no shield)
rNeg    + . .      Spirit   .    (helmet restricted)
rPois   .          Reflect  .    o - amulet of the acrobat
rElec   .          Harm     .    j - +6 ring of strength
rCorr   .          Rampage  .    k - +6 ring of dexterity
Will    .....                    q - ring of positive energy
Stlth   ++++                     (no ring)
HPRegen 0.25/turn                (no ring)
MPRegen 0.11/turn                (no ring)
                                 (no ring)
                                 (no ring)

@: lethally poisoned (0 -> -26), about to teleport, attractive
A: almost no armour, amphibious, 8 rings, camouflage 1, gelatinous body 1,
(nimble swimmer 1), tentacles
a: no special abilities


You were on level 4 of the Dungeon.
You visited 1 branch of the dungeon, and saw 4 of its levels.

You collected 144 gold pieces.

Inventory:

Hand Weapons
 a - a +1 dagger
 b - the +10 sling "Kiufaq" (weapon) {speed, Int+2}
   (You found it on level 3 of the Dungeon)

   Int:       It affects your intelligence (+2).
Jewellery
 j - a +6 ring of strength (left tentacle)
 k - a +6 ring of dexterity (right tentacle)
 o - an amulet of the acrobat (around mantle)
 q - a ring of positive energy (on tentacle)
Scrolls
 c - 4 scrolls of teleportation
 d - 2 scrolls of fog {unknown}
 e - a scroll of immolation {unknown}
 g - 3 scrolls of identify {unknown}
 h - a scroll of torment {unknown}
 i - a scroll of fear {unknown}
 l - a scroll of summoning {unknown}
 p - a scroll of vulnerability {unknown}
Potions
 m - 2 potions of invisibility
 n - a potion of curing {unknown}
 r - a potion of heal wounds {unknown}


   Skills:
 + Level 1.4 Fighting
 + Level 1.9 Short Blades
 + Level 1.1 Ranged Weapons
 * Level 3.0 Dodging
 * Level 5.6 Stealth
 - Level 1.0 Unarmed Combat
 + Level 2.5 Spellcasting
 + Level 3.4 Hexes


You had 7 spell levels left.
You knew the following spells:

 Your Spells              Type           Power      Damage    Failure   Level
c - Ensorcelled Hibernat  Hex/Ice        18%        N/A       12%         2

Your spell library contained the following spells:

 Spells                   Type           Power      Damage    Failure   Level
 Confusing Touch          Hex            15%        N/A       12%         3
 Tukima's Dance           Hex            15%        N/A       12%         3
 Apportation              Tloc           4%         N/A       16%         1
 Sublimation of Blood     Necr           2%         N/A       24%         2
 Dazzling Flash           Conj/Hex       18%        N/A       24%         3
 Animate Dead             Necr           2%         N/A       85%         4
 Petrify                  Tmut/Erth      2%         N/A       85%         4
 Alistair's Intoxication  Tmut/Pois      1%         N/A       99%         5
 Irradiate                Conj/Tmut      1%         3d12      99%         5
 Haunt                    Necr/Summ      1%         N/A       100%        7
 Infestation              Necr           1%         N/A       100%        8


Dungeon Overview and Level Annotations

Branches:
Dungeon (4/15)
 Temple: D:4-7

Altars:
Ashenzari
Uskayaw

Annotations:
D:4 Blork the orc


Innate Abilities, Weirdness & Mutations

You cannot wear most types of armour.
You are amphibious.
You can wear up to eight rings at the same time.
Your skin changes colour to match your surroundings (Stealth+).
Your rubbery body absorbs attacks. (AC +1, EV +1)
((You are camouflaged when in or above water. (Stealth+)))
You have tentacles for arms and can constrict up to eight enemies at once.


Message History

Confirm with . or Enter, or press ? or * to list all spells.
Aiming: Ensorcelled Hibernation (safe; 12% risk of failure)
Press: ? - help, Shift-Dir - straight line, f/p - Blork the orc
Aim: Blork the orc, wielding a +0 short sword of venom and wearing a +0 robe (lightly wounded, fast, chance to affect: 43%) Blork the orc resists with some effort.
Blork the orc hits you with a +0 short sword of venom. x2
You are poisoned.
Casting: Ensorcelled Hibernation (safe; 12% risk of failure)
Confirm with . or Enter, or press ? or * to list all spells.
Aiming: Ensorcelled Hibernation (safe; 12% risk of failure)
Press: ? - help, Shift-Dir - straight line, f/p - Blork the orc
Aim: Blork the orc, wielding a +0 short sword of venom and wearing a +0 robe (lightly wounded, fast, chance to affect: 43%) Blork the orc resists with some effort.
You feel sick.
Blork the orc hits you with a +0 short sword of venom.
You are more poisoned.
Casting: Ensorcelled Hibernation (safe; 12% risk of failure)
Confirm with . or Enter, or press ? or * to list all spells.
Aiming: Ensorcelled Hibernation (safe; 12% risk of failure)
Press: ? - help, Shift-Dir - straight line, f/p - Blork the orc
Aim: Blork the orc, wielding a +0 short sword of venom and wearing a +0 robe (lightly wounded, fast, chance to affect: 43%) Blork the orc resists with some effort.
You feel very sick. Blork the orc misses you. x2
As you read the scroll of teleportation, it crumbles to dust.
You feel strangely unstable.
You feel very sick. Blork the orc closely misses you.
Fire: b) +10 sling "Kiufaq" {speed, Int+2}
Press: ? - help, Q - select action, (/) - cycle Shift-Dir - straight line, f/p - Blork the orc
Aim: Blork the orc, wielding a +0 short sword of venom and wearing a +0 robe (lightly wounded, fast, 73% to hit)
You shoot a sling bullet. The sling bullet hits Blork the orc!
Blork the orc is heavily wounded.
You feel sick.
Blork the orc hits you with a +0 short sword of venom.
* * * LOW HITPOINT WARNING * * *
You are more poisoned.
Blork the orc miscasts a cantrip.
It was a potion of attraction.
You feel attractive to monsters.
You die...

.....##### ........
..).... ########
###.#))... ........
...#..>. .#......
#..#... <.......
#..##o#+# ........
#..##@#.# .#......
#.......#
.#.#######.#.......#.#
.# #.......#.........#
.###.########......###
.##...................
.#....#######......###
.#....#######......#
..<................#


You could see Blork the orc (fast).

Vanquished Creatures
  A hound (D:4)
  A jelly (D:4)
  An orc wizard (D:3)
  Ijyb (D:4)
  5 adders (D:3)
  A dart slug (D:3)
  4 orcs (D:3)
  A ball python (D:1)
  4 endoplasms
  2 giant cockroaches
  4 hobgoblins
  2 quokkas
  5 bats
  2 frilled lizards
  7 goblins
  4 kobolds
  7 rats
52 creatures vanquished.

Notes
Turn   | Place    | Note
-------+----------+-------------------------------------------
     0 | D:1      | Ignak the Octopode Enchanter began the quest for the Orb.
     0 | D:1      | Reached XP level 1. HP: 11/11 MP: 3/3
   315 | D:1      | Reached XP level 2. HP: 17/17 MP: 5/5
   319 | D:1      | Learned a level 2 spell: Ensorcelled Hibernation
   692 | D:2      | Reached XP level 3. HP: 22/22 MP: 6/6
   746 | D:2      | You fall into a shaft and drop 1 floor!
   945 | D:3      | Identified the +10 sling "Kiufaq" {speed, Int+2}
  1032 | D:3      | Reached skill level 1 in Unarmed Combat
  1032 | D:3      | Reached XP level 4. HP: 27/27 MP: 7/7
  1082 | D:3      | Found a hide-covered altar of Uskayaw.
  1188 | D:3      | Found a broken altar of Ashenzari.
  1238 | D:3      | Reached skill level 5 in Stealth
  1252 | D:3      | Reached skill level 1 in Fighting
  1338 | D:3      | Reached XP level 5. HP: 33/33 MP: 8/8
  1676 | D:4      | Noticed Ijyb
  1679 | D:4      | Noticed Blork the orc
  1680 | D:4      | Killed Ijyb
  1681 | D:4      | Reached skill level 1 in Ranged Weapons
  1693 | D:4      | Succumbed to Blork the orc's poison

Illustrated notes

Levels and vault maps discovered:
D:1:      giann_bridges, layout_basic, minmay_tetromino_i2
D:2:      layout_loops_corners, chequers_ecumenical_altar_simple_redux,
          minmay_quantized
D:3:      layout_basic, nicolae_uskayaw_murder_on_the_dancefloor,
          nicolae_overflow_crystal_walls
D:4:      layout_basic, nzn_hepliaklqana_mist_gate, mainiacjoe_overflow_catwalk,
          trog_ov_bears_minmay, nicolae_figureground_pulse, uniq_ijyb,
          uniq_crazy_yiuf_cottage, uniq_blork_the_orc

Skill      XL: |  1  2  3  4  5 |
---------------+----------------+-----
Unarmed Combat | 1 |  1.0
Stealth        | 5 |  5.6
Fighting       | 1 |  1.4
Ranged Weapons | 1 |  1.1
Dodging        | 3 |  3.0
Short Blades   | |  1.9
Spellcasting   | |  2.5
Hexes          | |  3.4

Action                   |  1- 3 |  4- 6 || total
-------------------------+-------+-------++-------
Melee: Dagger            |    52 |       ||    52
       Constrict         |    14 |       ||    14
       Tentacles         |     8 |       ||     8
       Punch             |     1 |       ||     1
 Fire: Sling             |     8 |    49 ||    57
 Cast: Ensorcelled Hiber |       |     4 ||     4
  Use: Scroll            |     1 |     1 ||     2
       Potion            |       |     1 ||     1
 Stab: Sleeping          |     9 |       ||     9
Armor: Skin              |     7 |       ||     7
Dodge: Dodged            |    34 |     9 ||    43

Table legend: (Time is in decaauts)
 A = Elapsed time spent in this place.
 B = Non-inter-level travel time spent in this place.
 C = Inter-level travel time spent in this place.
 D = Time resting spent in this place.
 E = Time spent auto-exploring this place.
 F = Levels seen in this place.
 G = Mean time per level.
                   A        B        C        D        E       F      G
               +--------+--------+--------+--------+--------+-----+--------+
         Total |   1681 |   1640 |     41 |    162 |   1036 |   4 |  420.2 |
       Dungeon |   1681 |   1640 |     41 |    162 |   1036 |   4 |  420.2 |
               +--------+--------+--------+--------+--------+-----+--------+

Top non-repeatable levels by time:
     D:3: 881 daAuts
     D:1: 669 daAuts
     D:2: 74 daAuts
     D:4: 56 daAuts
